 Dungeon Crawl Stone Soup version 0.25.1-2-g60ff931df9 (webtiles) character file.

Game seed: 9528153002706585451

1404 Delamore the Basher (level 8, 0/46 HPs)
             Began as a Gargoyle Fighter on Aug 11, 2020.
             Was a Follower of Okawaru.
             Slain by Maggie
             ... wielding a +0 scimitar of pain
              (8 damage)
             ... on level 6 of the Dungeon.
             The game lasted 00:06:10 (6013 turns).

Delamore the Basher (Gargoyle Fighter)              Turns: 6013, Time: 00:06:11

Health: 0/46       AC: 18    Str: 21    XL:     8   Next: 70%
Magic:  8/8        EV:  5    Int: 10    God:    Okawaru [*.....]
Gold:   301        SH: 14    Dex:  9    Spells: 7/7 levels left

rFire    + . .     SeeInvis .   a - +0 flail
rCold    . . .     Gourm    .   c - +0 kite shield
rNeg     + . .     Faith    .   i - +0 chain mail
rPois    ∞         Spirit   .   F - +0 helmet
rElec    +         Reflect  +   A - +0 cloak (curse)
rCorr    .         Harm     .   (no gloves)
MR       .....                  p - +0 pair of boots
Stlth    ..........             q - amulet of reflection
HPRegen  0.15/turn              B - ring of wizardry
MPRegen  0.11/turn              C - ring of protection from fire

@: mesmerised
A: negative energy resistance 1, electricity resistance, unbreathing,
petrification resistance, rot immunity, AC +5
a: Heroism, Renounce Religion


You were on level 6 of the Dungeon.
You worshipped Okawaru.
Okawaru was aware of your devotion.
You were hungry.

You visited 2 branches of the dungeon, and saw 7 of its levels.

You collected 351 gold pieces.
You spent 50 gold pieces at shops.

Inventory:

Hand Weapons
 a - a +0 flail (weapon)
Missiles
 g - 6 silver javelins (quivered)
Armour
 c - a +0 kite shield (worn)
 i - a +0 chain mail (worn)
 p - a +0 pair of boots (worn)
 A - a cursed +0 cloak (worn)
 F - a +0 helmet (worn)
Jewellery
 n - an uncursed amulet of magic regeneration
 q - an amulet of reflection (around neck)
 B - a ring of wizardry (left hand)
 C - a ring of protection from fire (right hand)
Wands
 x - a wand of random effects (19)
 E - a wand of flame (23)
Scrolls
 e - 2 scrolls of immolation
 k - 2 scrolls of remove curse
 o - 2 scrolls of enchant armour
 s - 2 scrolls of teleportation
 t - 3 scrolls of amnesia
 v - 2 scrolls of magic mapping
 w - a scroll of fear
Potions
 d - a potion of might
 j - 4 potions of curing {unknown}
 l - 3 potions of stabbing
 m - 3 potions of lignification
 r - a potion of magic
 u - a potion of invisibility
 z - a potion of mutation
 D - a potion of degeneration {unknown}
Comestibles
 f - 9 rations


   Skills:
 - Level 3.2 Fighting
 + Level 10.5 Maces & Flails
 - Level 3.2 Armour
 - Level 3.2 Shields


You had 7 spell levels left.
You didn't know any spells.
Your spell library was empty.

Dungeon Overview and Level Annotations

Branches:
Dungeon (6/15)             Temple (1/1) D:4

Altars:
Ashenzari
Cheibriados
Dithmenos
Elyvilon
Gozag
Kikubaaqudgha
Makhleb
Nemelex Xobeh
Okawaru
Qazlal
Ru
Sif Muna
Vehumet
Wu Jian
Xom
Yredelemnul
Zin
The Shining One

Shops:
D:4 *

Annotations:
D:6 Maggie


Innate Abilities, Weirdness & Mutations

You are resistant to torment.
Your stone body is resilient. (AC +5)
You are immune to poison.
You resist negative energy. (rN+)
You are resistant to electric shocks. (rElec)
You can survive without breathing.
You are immune to petrification.
You are immune to rotting.


Message History

You block the bullfrog's attack.
You completely miss Maggie.
Maggie is severely wounded.
You block the bullfrog's attack.
The crimson imp blinks!
Maggie gestures wildly while chanting.
Maggie attempts to bespell you!
You are mesmerised by Maggie!
The bullfrog hits you.
* * * LOW HITPOINT WARNING * * *
You hit Maggie but do no damage.
Maggie is severely wounded.
You are feeling hungry.
Maggie gestures at you while chanting. The bolt of fire misses you.
You block the bullfrog's attack.
You hit Maggie.
Maggie is severely wounded.
The bullfrog hits you.
* * * LOW HITPOINT WARNING * * *
Maggie hits you with a +0 scimitar of pain!
You die...

.........##
..........#
..........#
..........#
.##.......#
##.......#
#........#
#.......##
#......@#
##.....F@......
#.....§.......
...5...........
...............
...............
.........>.....
...............


You could see Maggie (mesmerising), a bullfrog and a crimson imp.

Vanquished Creatures
  Grinder (D:2)
  Sigmund (D:4)
  Purgy (D:3)
  An ogre (D:5)
  A centaur (D:5)
  Blork the orc (D:4)
  4 electric eels (D:5)
  A crimson imp (D:6)
  3 orc priests
  A centaur skeleton (D:5)
  2 hounds
  2 jellies (D:5)
  2 orc wizards (D:5)
  Ijyb (D:4)
  2 worker ants (D:5)
  Natasha (D:2)
  A hound skeleton (D:5)
  An ooze (D:4)
  2 worms (D:2)
  A dart slug (D:2)
  6 leopard geckos
  18 orcs
  10 bats
  5 giant cockroaches
  8 goblins
  9 hobgoblins
  3 jackals (D:1)
  5 quokkas
  3 ball pythons
  A frilled lizard (D:2)
  A giant cockroach zombie (D:5)
  9 kobolds
  5 rats
113 creatures vanquished.

Notes
Turn   | Place    | Note
-------+----------+-------------------------------------------
     0 | D:1      | Delamore the Gargoyle Fighter began the quest for the Orb.
     0 | D:1      | Reached XP level 1. HP: 14/14 MP: 1/1
    64 | D:1      | Reached XP level 2. HP: 16/19 MP: 2/2
   238 | D:1      | Reached skill level 3 in Maces & Flails
   476 | D:1      | Reached XP level 3. HP: 17/23 MP: 3/3
  1145 | D:2      | Reached skill level 4 in Maces & Flails
  1249 | D:2      | Reached XP level 4. HP: 28/28 MP: 4/4
  1509 | D:2      | Found a shadowy altar of Dithmenos.
  1887 | D:3      | Noticed Grinder
  1887 | D:3      | Noticed Natasha
  1902 | D:2      | Killed Natasha
  2092 | D:2      | Paralysed by Grinder for 5 turns
  2101 | D:2      | Killed Grinder
  2101 | D:2      | Reached skill level 6 in Maces & Flails
  2101 | D:2      | Reached XP level 5. HP: 24/32 MP: 5/5
  2101 | D:2      | Reached XP level 6. HP: 28/37 MP: 6/6
  2314 | D:3      | Found a sacrificial altar of Ru.
  2474 | D:3      | Found a sparkling altar of Nemelex Xobeh.
  2491 | D:3      | HP: 1/37 [orc priest/divine providence (15)]
  3032 | D:3      | Noticed Purgy
  3076 | D:3      | Killed Purgy
  3076 | D:3      | Reached skill level 7 in Maces & Flails
  3076 | D:3      | Reached XP level 7. HP: 22/41 MP: 7/7
  3228 | D:3      | Found a glowing silver altar of Zin.
  3508 | D:4      | Found Ugowkuni's Assorted Antiques.
  3514 | D:4      | Bought a scroll labeled JUSINK TOME for 25 gold pieces
  3514 | D:4      | Bought a scroll labeled DEOSAOSOSA for 25 gold pieces
  3523 | D:4      | Found a staircase to the Ecumenical Temple.
  3533 | Temple   | Entered the Ecumenical Temple
  3598 | Temple   | Became a worshipper of Warmaster Okawaru
  3745 | D:4      | Noticed Ijyb
  3762 | D:4      | Killed Ijyb
  4269 | D:4      | Found an opulent altar of Gozag.
  4596 | D:5      | Entered Level 5 of the Dungeon
  4604 | D:5      | Reached skill level 8 in Maces & Flails
  4607 | D:5      | Noticed Blork the orc
  4615 | D:5      | Noticed Sigmund
  4629 | D:4      | Killed Blork the orc
  4667 | D:4      | Killed Sigmund
  4680 | D:5      | Reached * piety under Okawaru
  4680 | D:5      | Reached skill level 9 in Maces & Flails
  4680 | D:5      | Reached XP level 8. HP: 29/46 MP: 8/8
  5005 | D:5      | Found a transporter.
  5238 | D:5      | Reached skill level 10 in Maces & Flails
  5436 | D:5      | Found a transporter.
  5982 | D:6      | Noticed Maggie
  6013 | D:6      | Slain by Maggie

Illustrated notes

Levels and vault maps discovered:
D:1:      dpeg_arrival_tiny_g, layout_basic
D:2:      layout_basic, lemuel_doored_altar,
          wander_ebering_terrifying_dragon_lair
D:3:      layout_loops_cross, nicolae_overflow_crystal_walls,
          nemelex_xobeh_ov_fountains_minmay, zin_statuary,
          corexii_item_surrounded_by_moat, uniq_grinder, uniq_purgy,
          uniq_natasha
D:4:      wad_lake_hut, layout_loops_ring, minmay_temple_entry_stoned_glass,
          serial_shops, shop_fountains, first_ration, kennysheep_nondescript,
          nicolae_gozag_seed_capital, uniq_ijyb
D:5:      gammafunk_steamed_eel, layout_loops_ring, uniq_blork_the_orc,
          uniq_sigmund
D:6:      layout_gridville, kennysheep_little_box, lightli_temple_of_fire,
          basic_altar, okawaru_metal_pillars_1_2, uniq_eustachio, uniq_edmund,
          uniq_maggie
Temple:   cyrus_circular_temple

Skill      XL: |  1  2  3  4  5  6  7  8 |
---------------+-------------------------+-----
Maces & Flails | 3 4 6 7 9 10 | 10.5
Fighting       | |  3.2
Armour         | |  3.2
Shields        | |  3.2

Action                   |  1- 3 |  4- 6 |  7- 9 || total
-------------------------+-------+-------+-------++-------
Melee: Flail             |   186 |   176 |   235 ||   597
Throw: Javelin           |       |     6 |     3 ||     9
Evoke: Wand              |       |       |     4 ||     4
  Use: Scroll            |       |     3 |    10 ||    13
       Potion            |       |     1 |       ||     1
  Eat: Chunk             |     2 |     6 |     9 ||    17
Armor: Scale mail        |    76 |       |       ||    76
       Chain mail        |    60 |   167 |    86 ||   313
Dodge: Dodged            |    66 |    64 |    27 ||   157
Block: Kite shield       |   109 |   133 |   104 ||   346
